AoeStats
← orteguitafc

Arabia

508512852Analyzed
2v2 RM · 8d ago on Sep 22, 2026· 50m 58s· 4 players
Game mode
Random Map
Map size
Medium (4 player)
Population
200
Speed
Normal
Resources
Standard
Victory
Conquest
Starting age
Dark Age
Ending age
Imperial Age
RankedLock teamsTeams togetherTeam positionsShared explorationLock speedFull tech treeHidden civsTurbo modeCheats
Victory
Defeat
🇩🇪 Burgundians · Germany
796
+14
🇩🇪 Magyars · Germany
788
+14
🇫🇷 Burgundians · France
775
-15
🇦🇷 Slavs · Argentina
731
-13
Masturbinho_69
8:33 Loom
11:16 Feudal Age
9:53 Double-Bit Axe
17:32 Castle Age
16:48 Forging
18:24 Husbandry
17:45 Cavalier
18:27 Husbandry
19:55 Horse Collar
20:28 Stone Mining
32:42 Wheelbarrow
35:53 Hand Cart
36:15 Iron Casting
40:08 Imperial Age
38:03 Pikeman
39:44 Scale Mail Armor
39:51 Scale Barding Armor
40:26 Halberdier
42:58 Conscription
42:01 Paladin
43:58 Heavy Plow
45:12 Blast Furnace
44:33 Gold Mining
46:24 Squires
46:47 Bow Saw
47:17 Chain Barding Armor
52:00 Plate Barding Armor
Miklós Zrínyi VII.
12:05 Feudal Age
16:31 Castle Age
18:46 Pikeman
21:39 Double-Bit Axe
23:15 Bow Saw
23:49 Scale Barding Armor
23:48 Padded Archer Armor
23:47 Fletching
25:56 Ballistics
27:22 Bodkin Arrow
28:54 Wheelbarrow
30:59 Thumb Ring
43:48 Imperial Age
43:00 Padded Archer Armor
45:18 Recurve Bow
45:48 Parthian Tactics
44:48 Heavy Cavalry Archer
45:34 Elite Magyar Huszar
48:51 Chemistry
47:56 Bracer
48:11 Leather Archer Armor
yannklein1
5:18 Wheelbarrow
13:02 Feudal Age
11:45 Horse Collar
11:54 Double-Bit Axe
15:40 Loom
16:39 Hand Cart
17:26 Bow Saw
20:53 Castle Age
19:54 Town Watch
20:14 Heavy Plow
20:09 Stone Mining
20:11 Gold Mining
23:09 Two-Man Saw
22:41 Crop Rotation
23:26 Forging
30:22 Iron Casting
36:46 Fletching
46:11 Scale Barding Armor
46:07 Scale Mail Armor
46:05 Bodkin Arrow
47:04 Town Patrol
47:59 Caravan
orteguitafc
2:50 Loom
10:40 Feudal Age
13:13 Double-Bit Axe
20:52 Castle Age
18:52 Horse Collar
20:40 Stone Mining
22:52 Light Cavalry
30:28 Pikeman
33:49 Murder Holes
41:27 Imperial Age
42:11 Capped Ram
44:44 Elite Skirmisher
Connection lost

Rejoining the realm…

Still unreachable

The connection could not be restored.

Session expired

The server has moved on; the page needs a fresh start.